 Dungeon Crawl Stone Soup version 0.16-a0-395-g6404e95 (console) character file.

0 gw the Gusty (level 1, 0/13 HPs)
             Began as a Human Air Elementalist on Sept 15, 2014.
             Slain by a rat (3 damage)
             ... on Level 1 of the Dungeon.
             The game lasted 00:00:18 (354 turns).

gw the Gusty (Human Air Elementalist)                Turns: 354, Time: 00:00:19

HP   0/13        AC  2     Str  8      XL: 1   Next: 11%
MP   1/3         EV 12     Int 15      God:
Gold 0           SH  0     Dex 13      Spells:  1 memorised,  3 levels left

rFire  . . .     SeeInvis .     (no weapon)
rCold  . . .     Clarity  .     a - +0 robe
rNeg   . . .     rCorr    .     (no shield)
rPois  .         rRot     .     (no helmet)
rElec  .         Spirit   .     (no cloak)
SustAb .         Warding  .     (no gloves)
rMut   .         Stasis   .     (no boots)
Gourm  .                        (no amulet)
MR     .....                    (no ring)
                                (no ring)

@: not resistant to hostile enchantments, unstealthy
A: no striking features
a: no special abilities


You were on level 1 of the Dungeon.
You were not hungry.

You visited 1 branch of the dungeon, and saw 1 of its levels.

Inventory:

Missiles
 d - 18 sling bullets
Armour
 a - a +0 robe (worn)
Comestibles
 c - a bread ration
Books
 b - a book of Air

   Spells                             Type                      Level
   *Shock                             Conjuration/Air              1
   Swiftness                          Charms/Air                   2
   Repel Missiles                     Charms/Air                   2
   Flight                             Charms/Air                   3
   Static Discharge                   Conjuration/Air              3
   Lightning Bolt                     Conjuration/Air              5


   Skills:
 + Level 0.0 Fighting
 + Level 0.0 Armour
 - Level 2.0 Dodging
 - Level 2.0 Stealth
 * Level 2.0 Spellcasting
 - Level 1.0 Conjurations
 + Level 3.0 Air Magic


You had 3 spell levels left.
You knew the following spells:

 Your Spells              Type           Power        Failure   Level  Hunger
a - Shock                 Conj/Air       #...         12%         1    #......


Dungeon Overview and Level Annotations

Branches:
Dungeon (1/15)

Altars:


Message History

The giant cockroach is moderately wounded.
The zap hits the giant mite.
The giant mite is heavily wounded.
The giant cockroach bites you. The rat barely misses you.
MOVING TO (1,-8)
The giant cockroach closely misses you. The giant mite bites you.
Your magical contamination has completely faded away.
MOVING TO (2,-7)
The giant cockroach barely misses you. The giant mite closely misses you.
MOVING TO (2,-6)
The giant mite barely misses you. The ooze hits you.
MOVING TO (2,-5)
A goblin comes into view.
MOVING TO (2,-4)
The ooze jiggles.
MOVING TO (2,-3) MOVING TO (1,-2) MOVING TO (2,-1)
The rat bites you.
You die...

.#. #.#.###.#.#
..#. 7.7.# .#.7
..... #...# #7.
......# 7.7## 7
....... #.# .......
7.7#7##.(7
........##.....(...
#........7.7.7.#...
#.###....p##...
g......srJ######
.........s..##
#............###
#..............##
#...>...........#
##.........###...$
##...#...## ..#
#########


You could see an ooze, a giant mite, a giant cockroach and a rat.

Table legend:
 A = Turns spent in this place as a percentage of turns spent in the entire game.
 B = Non-inter-level travel turns spent in this place as a percentage of non-inter-level travel turns spent in the entire game.
 C = Inter-level travel turns spent in this place as a percentage of turns spent in this place.
 D = Turns resting spent in this place as a percentage of non-inter-level travel turns spent in this place.
 E = Turns spent auto-exploring this place as a percentage of non-inter-level travel turns spent in this place.
 F = Non-inter-level travel turns spent in this place divided by the number of levels of this place that you've seen.
                   A       B       C       D       E      F
               +-------+-------+-------+-------+-------+----------------------
         Total | 100.0 | 100.0 |   0.0 |   3.4 |   2.0 | 149.0
       Dungeon | 100.0 | 100.0 |   0.0 |   3.4 |   2.0 | 149.0
               +-------+-------+-------+-------+-------+----------------------

Table legend:
 A = Kills in this place as a percentage of kills in entire the game.
 B = Kills by you in this place as a percentage of kills by you in the entire game.
 C = Kills by friends in this place as a percentage of kills by friends in the entire game.
 D = Other kills in this place as a percentage of other kills in the entire game.
 E = Experience gained in this place as a percentage of experience gained in the entire game.
 F = Experience gained in this place divided by the number of levels of this place that you have seen.
                   A       B       C       D       E      F
               +-------+-------+-------+-------+-------+----------------------
         Total | 100.0 | 100.0 |  -nan |  -nan | 100.0 |   1.0
       Dungeon | 100.0 | 100.0 |  -nan |  -nan | 100.0 |   1.0
               +-------+-------+-------+-------+-------+----------------------

Vanquished Creatures
  A bat (D:1)
1 creature vanquished.

Notes
Turn   | Place    | Note
--------------------------------------------------------------
     0 | D:1      | gw, the Human Air Elementalist, began the quest for the Orb.
     0 | D:1      | Reached XP level 1. HP: 13/13 MP: 3/3
   354 | D:1      | Slain by a rat

Action                   || total
-------------------------++-------
Melee: Unarmed           ||     1
 Cast: Shock             ||     7

Vault maps used:
D:1:      saegor_arrival_simple_a, serial_forest, infiniplex_forest_lined_4_way,
          infiniplex_forest_clump_diagonal, infiniplex_forest_lined_room_2,
          infiniplex_forest_end_2, infiniplex_forest_lined_corner,
          infiniplex_forest_side_room
